 Dungeon Crawl Stone Soup version 0.30-a0-989-g0d87f670db (webtiles) character file.

Game seed: 12660823945943118174

2867 HoaS the Skirmisher (level 10, -1/67 HPs)
             Began as a Formicid Hunter on Apr 3, 2023.
             Was an Initiate of Gozag.
             Slain by a killer bee (8 damage)
             ... on level 9 of the Dungeon.
             The game lasted 00:13:13 (6704 turns).

HoaS the Skirmisher (Formicid Hunter)               Turns: 6704, Time: 00:13:14

Health: -1/67      AC:  8    Str: 15    XL:     10   Next: 4%
Magic:  10/10      EV: 12    Int: 10    God:    Gozag
Gold:   910        SH:  0    Dex: 21    Spells: 9/9 levels left

rFire   . . .      SeeInvis +    a - +4 shortbow
rCold   . . .      Faith    .    (no shield)
rNeg    + . .      Spirit   .    c - +1 leather armour
rPois   .          Reflect  .    (helmet unavailable)
rElec   .          Rampage  .    (no cloak)
rCorr   .                        (no gloves)
Will    +....                    (no boots)
Stlth   ++                       v - amulet of regeneration
HPRegen 1.11/turn                j - +4 ring of protection
MPRegen 0.12/turn                m - ring of positive energy

@: lethally poisoned (-1 -> -28)
A: permanent stasis, dig shafts and tunnels, antennae 3, four strong arms
a: Dig, Shaft Self, Renounce Religion, Potion Petition, Call Merchant, Bribe
Branch


You were on level 9 of the Dungeon.
You worshipped Gozag.
Gozag was pleased with you.
You visited 2 branches of the dungeon, and saw 11 of its levels.

You collected 966 gold pieces.
You paid 56 gold pieces to Gozag.

Inventory:

Hand Weapons
 a - a +4 shortbow (weapon)
Armour
 c - a +1 leather armour (worn)
Jewellery
 j - a +4 ring of protection (left hand)
 m - a ring of positive energy (right hand)
 n - a ring of fire
 v - an amulet of regeneration (around neck)
Wands
 g - a wand of iceblast (3)
 u - a wand of digging (7)
 w - a wand of quicksilver (7)
Scrolls
 b - a scroll of immolation
 d - 4 scrolls of magic mapping
 h - a scroll of fog
 i - a scroll of summoning
Potions
 e - 3 potions of flight
 f - 7 potions of curing
 k - a potion of attraction {unknown}
 l - a potion of magic {unknown}
 o - 2 potions of mutation
 p - 4 potions of resistance
 q - a potion of ambrosia {unknown}
 s - a potion of lignification {unknown}


   Skills:
 - Level 2.1 Fighting
 + Level 13.6 Ranged Weapons
 - Level 1.7 Dodging
 - Level 1.2 Stealth


You had 9 spell levels left.
You didn't know any spells.
Your spell library contained the following spells:

 Spells                   Type           Power      Damage    Failure   Level
 Ensorcelled Hibernation  Hex/Ice        0%         N/A       56%         2
 Passwall                 Tmut/Erth      0%         N/A       56%         2
 Scorch                   Fire           0%         2d5       56%         2
 Hailstorm                Conj/Ice       0%         3d3       80%         3
 Spider Form              Tmut/Pois      0%         N/A       80%         3
 Anguish                  Hex/Necr       0%         N/A       99%         4
 Flame Wave               Conj/Fire      0%         2d4       99%         4
 Ice Form                 Ice/Tmut       0%         N/A       99%         4
 Freezing Cloud           Conj/Ice/Air   0%         6-21      100%        5
 Summon Cactus Giant      Summ           0%         N/A       100%        6
 Polar Vortex             Ice            0%         N/A       100%        9
 Swiftness                Air            Unusable   N/A       N/A         3
 Simulacrum               Ice/Necr       Unusable   N/A       N/A         6

Dungeon Overview and Level Annotations

Branches:
Dungeon (10/15)            Temple (1/1) D:4
   Lair: D:8-11         Orc: D:9-12

Altars:
Ashenzari
Cheibriados
Dithmenos
Elyvilon
Fedhas
Gozag
Hepliaklqana
Kikubaaqudgha
Makhleb
Nemelex Xobeh
Okawaru
Qazlal
Ru
Sif Muna
Trog
Uskayaw
Vehumet
Wu Jian
Xom
Zin
The Shining One

Shops:
D:10 *


Innate Abilities, Weirdness & Mutations

You cannot be hasted, slowed, berserked, paralysed or teleported.
You can dig through walls and to a lower floor.
You have a pair of large antennae on your head. (SInv)
Your four strong arms can wield two-handed weapons with a shield.


Message History

The killer bee stings you. The killer bee completely misses you.
The orc hits you but does no damage.
You shoot an arrow. The arrow hits the killer bee!
The killer bee is heavily wounded.
You feel sick. The killer bee misses you. The killer bee completely misses you.
The killer bee barely misses you. The killer bee stings you!
The killer bee stings you.
You are more poisoned.
The killer bee poisons you! The killer bee stings you!
The killer bee closely misses you. x2; The orc misses you.
You shoot an arrow. The arrow misses the killer bee.
You feel very sick. The killer bee barely misses you.
The killer bee stings you.
You are more poisoned.
The killer bee poisons you! The killer bee misses you.
The killer bee stings you.
You are more poisoned.
The killer bee poisons you! The killer bee completely misses you.
The killer bee stings you.
You are more poisoned.
The killer bee poisons you!
The killer bee stings you but does no damage. x2
The orc hits you with a +0 club.
* * * LOW HITPOINT WARNING * * *
You shoot an arrow. The arrow hits the killer bee.
The killer bee is almost dead.
* * * LOW HITPOINT WARNING * * *
You feel extremely sick. The killer bee stings you.
* * * LOW HITPOINT WARNING * * *
You are more poisoned.
The killer bee poisons you! The killer bee barely misses you.
The killer bee stings you but does no damage.
The killer bee misses you.
The killer bee stings you but does no damage.
The orc closely misses you.
The killer bee stings you but does no damage.
The killer bee stings you!
You die...
Your body crumbles into a pile of gold.

##...#............#.. .......
#.................... # #.#...
..................... .. #.....
##......#............
...###...###.###...............#.
.....##..##....................##
##............###........###.####
#...........####(y##.....# #^..#.
#..............y@o.###....####...
................yy........#......
..................#..............
.................................
...#..............(............#.
.# #....................##.....#.
.....................#####.....
...[................## #......
...............### ###...#


You could see 4 killer bees and an orc.

Vanquished Creatures
  A troll (D:10)
  A wyvern (D:9)
  Menkaure (D:5)
  A water moccasin (D:5)
  3 orc warriors
  An ice beast (D:6)
  3 black bears
  3 ogres
  A phantom (D:4)
  5 bullfrogs
  6 scorpions
  A killer bee (D:9)
  A hound (D:5)
  A jelly (D:6)
  3 orc priests
  A gnoll bouda (D:6)
  3 iguanas
  3 sleepcaps
  4 orc wizards
  5 gnolls (D:6)
  5 adders
  A white imp (D:5)
  An ufetubus (D:4)
  20 orcs
  6 ball pythons
  4 bats
  3 endoplasms
  3 giant cockroaches
  7 hobgoblins
  5 quokkas
  A frilled lizard (D:3)
  11 goblins
  6 kobolds
  A rat (D:2)
122 creatures vanquished.

Notes
Turn   | Place    | Note
-------+----------+-------------------------------------------
     0 | D:1      | HoaS the Formicid Hunter began the quest for the Orb.
     0 | D:1      | Reached XP level 1. HP: 16/16 MP: 1/1
   392 | D:1      | Reached XP level 2. HP: 21/22 MP: 2/2
   723 | D:2      | Reached XP level 3. HP: 27/27 MP: 3/3
   773 | D:2      | You fall into a shaft and drop 1 floor!
   846 | D:3      | Reached skill level 5 in Ranged Weapons
  1079 | D:2      | Reached XP level 4. HP: 33/33 MP: 4/4
  2102 | D:4      | Noticed a black bear
  2320 | D:4      | Reached XP level 5. HP: 33/38 MP: 5/5
  2325 | D:4      | Reached skill level 6 in Ranged Weapons
  2545 | D:4      | Found a staircase to the Ecumenical Temple.
  2554 | Temple   | Entered the Ecumenical Temple
  2856 | Temple   | Became a worshipper of Gozag Ym Sagoz the Greedy
  3023 | D:4      | Killed a black bear
  3024 | D:4      | Reached skill level 7 in Ranged Weapons
  3024 | D:4      | Reached XP level 6. HP: 44/44 MP: 6/6
  3265 | D:5      | Entered Level 5 of the Dungeon
  3273 | D:5      | Noticed a water moccasin
  3278 | D:4      | Reached XP level 7. HP: 38/50 MP: 7/7
  3470 | D:5      | Reached skill level 8 in Ranged Weapons
  3530 | D:5      | Killed a water moccasin
  3531 | D:5      | Reached skill level 9 in Ranged Weapons
  3770 | D:5      | Reached XP level 8. HP: 50/56 MP: 8/8
  3934 | D:5      | Noticed Menkaure
  3938 | D:5      | Killed Menkaure
  4059 | D:5      | Reached skill level 10 in Ranged Weapons
  4342 | D:6      | Reached skill level 11 in Ranged Weapons
  4472 | D:6      | Reached XP level 9. HP: 61/61 MP: 9/9
  4820 | D:6      | Reached skill level 12 in Ranged Weapons
  5202 | D:7      | Noticed a boulder beetle
  5891 | D:7      | You fall into a shaft and drop 3 floors!
  5891 | D:10     | Entered Level 10 of the Dungeon
  6052 | D:10     | Found Kaxeabou's Overcharged Wands.
  6079 | D:10     | Noticed a troll
  6092 | D:10     | Killed a troll
  6093 | D:10     | Reached skill level 13 in Ranged Weapons
  6425 | D:9      | Reached XP level 10. HP: 62/67 MP: 10/10
  6480 | D:8      | Noticed a cyclops
  6704 | D:9      | Slain by a killer bee

Illustrated notes

Levels and vault maps discovered:
D:1:      dpeg_arrival_short_road, layout_basic
D:2:      layout_loops_ring, chequers_mini_garden
D:3:      layout_loops_cross
D:4:      layout_gridville, minmay_temple_entry_antechambers
D:5:      layout_rooms, minmay_fractal_squares_5, uniq_menkaure
D:6:      layout_rooms, chequers_serial_rivers_micro_c
D:7:      layout_loops_cross, lightli_corner_chamber
D:8:      layout_cave_pools, gammafunk_temple_overflow_arena, enter_ossuary_4,
          uniq_joseph, uniq_psyche
D:9:      layout_cave_pools, orc_0_dummy, uniq_harold
D:10:     layout_roguey, erik_lair_island, special_room [special_room_orc],
          nicolae_shop_overcharged_wands
Temple:   regret_index_temple_sigil_plot

Skill      XL: |  1  2  3  4  5  6  7  8  9 |
---------------+----------------------------+-----
Ranged Weapons | 5 7 9 11 13 | 13.6
Fighting       | |  2.1
Dodging        | |  1.7
Stealth        | |  1.2

Action                     |  1- 3 |  4- 6 |  7- 9 | 10-12 || total
---------------------------+-------+-------+-------+-------++-------
  Melee: Shortbow          |       |     1 |       |       ||     1
   Fire: Shortbow          |    93 |   102 |   352 |    14 ||   561
Ability: Shaft Self        |       |       |     1 |       ||     1
    Use: Scroll            |     9 |     6 |     2 |     5 ||    22
         Potion            |       |       |     4 |       ||     4
 Armour: Leather armour    |    21 |    25 |    51 |    15 ||   112
  Dodge: Dodged            |    39 |    36 |    97 |    31 ||   203

Table legend: (Time is in decaauts)
 A = Elapsed time spent in this place.
 B = Non-inter-level travel time spent in this place.
 C = Inter-level travel time spent in this place.
 D = Time resting spent in this place.
 E = Time spent auto-exploring this place.
 F = Levels seen in this place.
 G = Mean time per level.
                   A        B        C        D        E       F      G
               +--------+--------+--------+--------+--------+-----+--------+
         Total |   6751 |   6513 |    238 |   1640 |   3661 |  11 |  613.7 |
       Dungeon |   6432 |   6233 |    199 |   1640 |   3402 |  10 |  643.2 |
        Temple |    318 |    279 |     39 |      0 |    259 |   1 |  318.0 |
               +--------+--------+--------+--------+--------+-----+--------+

Top non-repeatable levels by time:
     D:4: 1045 daAuts
     D:6: 1018 daAuts
     D:3: 820 daAuts
     D:5: 817 daAuts
     D:2: 676 daAuts
     D:7: 631 daAuts
     D:1: 615 daAuts
    D:10: 445 daAuts
     D:9: 343 daAuts
  Temple: 318 daAuts
     D:8: 18 daAuts
